 Dungeon Crawl Stone Soup version 0.22-a0-833-g8522bf8 (webtiles) character file.

49 Amnesiac the Digger (level 3, -3/24 HPs)
             Began as a Mummy Earth Elementalist on July 25, 2018.
             Killed from afar by an orc wizard (12 damage)
             ... with a puff of flame
             ... on level 4 of the Dungeon.
             The game lasted 00:01:40 (1017 turns).

Amnesiac the Digger (Mummy Earth Elementalist)      Turns: 1017, Time: 00:01:40

Health: -3/24      AC:  2    Str: 11    XL:     3   Next: 53%
Magic:  1/7        EV: 12    Int: 15    God:
Gold:   94         SH:  0    Dex: 12    Spells: 2/8 levels left

rFire    x . .     SeeInvis .   a - +0 spear
rCold    + . .     Gourm    .   (no shield)
rNeg     + + +     Faith    .   c - +0 robe
rPois    ∞         Spirit   .   (no helmet)
rElec    .         Reflect  .   (no cloak)
rCorr    .         Harm     .   (no gloves)
MR       .....                  (no boots)
Stlth    +.........             (no amulet)
HPRegen  0.08/turn              (no ring)
MPRegen  0.10/turn              (no ring)

@: confused
A: no food or potions, fire vulnerability, cold resistance 1, negative energy
resistance 3, torment resistance, unbreathing
a: no special abilities


You were on level 4 of the Dungeon.
You were not hungry.

You visited 1 branch of the dungeon, and saw 4 of its levels.

You collected 94 gold pieces.

Inventory:

Hand Weapons
 a - a +0 spear (weapon)
Missiles
 b - 23 stones (quivered)
Armour
 c - a +0 robe (worn)
 g - a +0 pair of gloves
Scrolls
 d - a scroll of noise {!r, unknown}
 e - 4 scrolls of identify {!r, unknown}
 f - a scroll of enchant weapon {!r, unknown}
 h - a scroll of blinking {!r, unknown}
 i - a scroll of enchant armour {!r, unknown}


   Skills:
 - Level 1.5 Dodging
 - Level 1.5 Stealth
 + Level 3.4 Spellcasting
 - Level 0.7 Transmutations
 * Level 3.4 Earth Magic


You had 2 spell levels left.
You knew the following spells:

 Your Spells              Type           Power        Failure   Level  Hunger
a - Sandblast             Erth           ##....       4%          1    N/A
b - Passwall              Tmut/Erth      #.......     12%         2    N/A
c - Stone Arrow           Conj/Erth      #.....       28%         3    N/A

Your spell library contained the following spells:

 Spells                   Type           Power        Failure   Level  Hunger
 Lee's Rapid Deconstruct  Erth           ##........   77%         5    N/A
 Petrify                  Tmut/Erth      #.......     63%         4    N/A

Dungeon Overview and Level Annotations

Branches:
Dungeon (4/15)
 Temple: D:4-7

Altars:

Annotations:
D:3 Ijyb


Innate Abilities, Weirdness & Mutations

You do not eat or drink.
Your flesh is vulnerable to fire.
You are immune to poison.
Your flesh is cold resistant. (rC+)
You are immune to negative energy. (rN+++)
You are immune to unholy pain and torment.
You can survive without breathing.


Message History

The blast of sand hits the orc.
You kill the orc!
b - 25 stones Something hits you but does no damage.
Casting: Sandblast (safe; 4% risk of failure)
Confirm with . or Enter, or press ? or * to list all spells.
You can't see any susceptible monsters within range! (Use Z to cast anyway.)
Casting: Sandblast (safe; 4% risk of failure)
Confirm with . or Enter, or press ? or * to list all spells.
You can't see any susceptible monsters within range! (Use Z to cast anyway.)
Casting: Sandblast (safe; 4% risk of failure)
Confirm with . or Enter, or press ? or * to list all spells.
Aiming: Sandblast (safe; 4% risk of failure)
Press: ? - help, Shift-Dir - straight line You miscast Sandblast.
You are very lightly contaminated with residual magic.
Sand pours from your hands. Something barely misses you.
You barely miss something. Something hits you but does no damage.
You hit something. Something barely misses you.
You closely miss something. Something hits you.
Casting: Sandblast (safe; 4% risk of failure)
Confirm with . or Enter, or press ? or * to list all spells.
Aiming: Sandblast (safe; 4% risk of failure)
Press: ? - help, Shift-Dir - straight line
b - 24 stones Something barely misses you.
There is a stone staircase leading down here.
You hear some strange, mumbled words.
Something tries to affect you, but you resist.
Your magical contamination has completely faded away.
Casting: Sandblast (safe; 4% risk of failure)
Confirm with . or Enter, or press ? or * to list all spells.
Aiming: Sandblast (safe; 4% risk of failure)
Press: ? - help, Shift-Dir - straight line The blast of sand hits something.
b - 23 stones Unknown command.
You hear some strange, mumbled words.
You are confused.
You bump into the rock wall.
You hear some strange, mumbled words.
You are more confused.
Something hits you but does no damage.
You bump into the rock wall.
You hear some strange, mumbled words.
A puff of flame appears from out of thin air!
The puff of flame misses you.
You bump into the rock wall.
Something hits you.
You bump into the rock wall.
You hear some strange, mumbled words.
A puff of flame appears from out of thin air!
The puff of flame hits you! The fire burns you terribly!
Ouch! That really hurt!
* * * LOW HITPOINT WARNING * * *
You closely miss something.
An orc wizard comes into view. It is wielding a dagger.
Something hits you but does no damage.
Unknown command.
You're too confused to move!
The orc wizard shouts!
You hear some strange, mumbled words.
A puff of flame appears from out of thin air!
The puff of flame hits you! The fire burns you terribly!
Ouch! That really hurt!
You die...

#..#....# #..#..#.#
#..)..#.# ##......#
###.####
#######.######
.............#
####..#.####{#
######### #..#.##
#@# #......oo
#....>###.# #)#
#...%..##.# #.#
#......##o###.####
.....#.#...........#
####.#.####.###.##.#
#........# #.# #
###+###### #.. ....


You could see an orc wizard.

Vanquished Creatures
  2 adders (D:3)
  A worm (D:3)
  A leopard gecko (D:2)
  An orc (D:4)
  5 giant cockroaches
  2 hobgoblins
  7 jackals
  A frilled lizard (D:3)
  2 kobolds (D:2)
  A rat (D:2)
23 creatures vanquished.

Notes
Turn   | Place    | Note
-------+----------+-------------------------------------------
     0 | D:1      | Amnesiac the Mummy Earth Elementalist began the quest for the Orb.
     0 | D:1      | Reached XP level 1. HP: 13/13 MP: 4/4
   186 | D:2      | Reached XP level 2. HP: 18/19 MP: 5/5
   190 | D:2      | Learned a level 2 spell: Passwall
   349 | D:3      | Noticed Ijyb
   359 | D:3      | Reached XP level 3. HP: 24/24 MP: 7/7
   392 | D:3      | Learned a level 3 spell: Stone Arrow
  1017 | D:4      | Killed from afar by an orc wizard

Vault maps used:
D:1:      tarquinn_simple_flora_water_c, minmay_heptomino_o4
D:2:      zin_treasury, chequers_ecumenical_altar_simple_redux,
          uniq_crazy_yiuf_cottage
D:3:      nicolae_tso_carved_into_rock, first_ration, nicolae_ru_awakened_eye,
          uniq_natasha, uniq_ijyb

Skill      XL: |  1  2 |
---------------+-------+-----
Spellcasting   | 3 |  3.4
Earth Magic    | 3 |  3.4
Dodging        | |  1.5
Stealth        | |  1.5
Transmutations | |  0.7

Action                   || total
-------------------------++-------
Melee: Spear             ||    74
 Cast: Sandblast         ||    30
 Stab: Sleeping          ||     2
Armor: Robe              ||    17
Dodge: Dodged            ||    55

Table legend:
 A = Spawn XP
 B = Non-spawn XP
 C = Spawn XP percentage of total XP
 D = Spawn monster count
 E = Non-spawn monster count
 F = Spawn count percentage of total count
 G = Total turns spent on level
                    A         B        C        D         E        F      G
               +---------+---------+-------+---------+---------+-------+---------
         Total |       0 |      71 |   0.0 |       0 |      23 |   0.0 |  1017
               +---------+---------+-------+---------+---------+-------+---------
           D:2 |       0 |      19 |   0.0 |       0 |      10 |   0.0 |   276
           D:3 |       0 |      49 |   0.0 |       0 |      12 |   0.0 |   520
           D:4 |       0 |       3 |   0.0 |       0 |       1 |   0.0 |   218
               +---------+---------+-------+---------+---------+-------+---------
